 Dungeon Sprint DCSS version 0.32-a0-42-ga30500b4d3 (webtiles) character file.

Game seed: 10129513350464909738

12609 rocky1 the Bludgeoner (level 11, -8/124 HPs)
             Began as a Gargoyle Fighter on Jan 27, 2024.
             Was an Initiate of Gozag.
             Mangled by a death cob (12 damage)
             ... in the Dungeon (Sprint VII: "The Pits").
             The game lasted 00:11:33 (3548 turns).

rocky1 the Bludgeoner (Gargoyle Fighter)            Turns: 3548, Time: 00:11:34

Health: -8/124     AC: 35    Str: 22    XL:     11   Next: 96%
Magic:  11/11      EV:  2    Int: 12    God:    Gozag
Gold:   2117       SH: 14    Dex: 20    Spells: 10/10 levels left

rFire   + . .        o - +2 flail (protect)
rCold   + . .        v - +0 kite shield of Xom's Hatred {Int+3 Dex+6}
rNeg    + . .        p - melded +2 plate armour {Will+}
rPois   ∞            (helmet currently unavailable)
rElec   +            x - melded +2 cloak of the Pits of Slime {rCorr}
rCorr   +            t - melded +0 pair of gloves
SInv    .            w - melded +2 pair of boots {rampage}
Will    +....        (no amulet)
Stlth   ++           g - +3 ring of protection
HPRegen 0.40/turn    d - +3 ring of dexterity
MPRegen 0.12/turn

%: no teleportation
@: mighty, tree-form, resistant, under a protective aura, on berserk cooldown,
enlightened, slowed, very slow
A: stationary, stasis, torment immunity, boosted hp, sickness immunity, AC +8,
negative energy resistance 1, (electricity resistance), torment resistance 1,
petrification resistance
a: End Transformation, Renounce Religion, Potion Petition, Call Merchant, Bribe
Branch


You were in the Dungeon.
You worshipped Gozag.
Gozag was most pleased with you.
You were a tree.
You visited 1 branch You collected 6462 gold pieces.
You spent 1184 gold pieces at shops.
You paid 3161 gold pieces to Gozag.

Inventory:

Hand Weapons
 o - a +2 flail of protection (weapon)
Missiles
 b - 7 poisoned darts (quivered)
Armour
 p - a +2 plate armour of willpower (melded)
 t - a +0 pair of gloves (melded)
 v - the +0 kite shield of Xom's Hatred (worn) {Int+3 Dex+6}
   (You bought it in a shop in the Dungeon)

   Int+3:     It affects your intelligence (+3).
   Dex+6:     It affects your dexterity (+6).
 w - a +2 pair of boots of rampaging (melded)
 x - the +2 cloak of the Pits of Slime (melded) {rCorr}
   (You bought it in a shop in the Dungeon)

   rCorr:     It protects you from acid and corrosion.
Jewellery
 d - a +3 ring of dexterity (right branch)
 g - a +3 ring of protection (left branch)
 A - a ring of ice
Wands
 z - a wand of flame (21)
Scrolls
 a - a scroll of enchant armour
 f - a scroll of fear
 j - 3 scrolls of blinking
 l - 2 scrolls of vulnerability
 m - 5 scrolls of amnesia
 n - 3 scrolls of identify
 u - a scroll of revelation
 y - 3 scrolls of fog
Potions
 c - a potion of brilliance
 e - 9 potions of curing
 h - 5 potions of magic
 i - 4 potions of might
 k - a potion of invisibility
 r - 3 potions of haste
 s - 2 potions of mutation


   Skills:
 + Level 16.2 Fighting
 + Level 17.5 Maces & Flails
 + Level 13.9 Armour
 + Level 5.2 Dodging
 - Level 1.1 Stealth
 + Level 14.6 Shields


You had 10 spell levels left.
You didn't know any spells.
Your spell library was empty.

Dungeon Overview and Level Annotations

Branches:
Dungeon (1/1)

Altars:
Ashenzari
Cheibriados
Dithmenos
Elyvilon
Fedhas
Gozag
Hepliaklqana
Kikubaaqudgha
Makhleb
Nemelex Xobeh
Okawaru
Qazlal
Ru
Sif Muna
Trog
Uskayaw
Vehumet
Wu Jian
Xom
Yredelemnul
Zin
The Shining One
Jiyva
Lugonu

Shops:
D [


Innate Abilities, Weirdness & Mutations

You are a tree.
Your roots penetrate the ground, keeping you stationary.
You cannot be teleported.
You are immune to unholy pain and torment.
Your maximum health is greatly increased.
Your equipment is partially melded.
You are immune to sickness and miasma.
((Your stone body is resilient. (AC +8)))
You are immune to poison.
You resist negative energy. (rN+)
((You are resistant to electric shocks. (rElec)))
You are resistant to unholy torment.
You are immune to petrification.


Message History

* * * LOW HITPOINT WARNING * * *
You hit the death cob.
The death cob is almost destroyed.
The death cob hits you but does no damage.
You block the death cob's attack.
The deep elf pyromancer casts a spell.
The deep elf pyromancer blinks!
The fire elemental hits you. The fire elemental burns you! You resist.
* * * LOW HITPOINT WARNING * * *
The death cob hits you but does no damage.
You barely miss the death cob.
The death cob is almost destroyed.
The death cob hits you!
* * * LOW HITPOINT WARNING * * *
The death cob drains your vigour!
You feel as though you will be slow longer.
The death cob hits you but does no damage.
The fire elemental hits you. You block the death cob's attack.
The fire elemental hits you. The fire elemental burns you! You resist.
* * * LOW HITPOINT WARNING * * *
You hit the death cob but do no damage.
The death cob is almost destroyed.
The death cob hits you but does no damage.
You block the death cob's attack. The fire elemental hits you.
The death cob hits you!
* * * LOW HITPOINT WARNING * * *
The death cob drains your vigour!
You feel as though you will be slow longer.
You feel better. You block the death cob's attack.
The death cob barely misses you. The fire elemental hits you.
The fire elemental burns you! You resist.
* * * LOW HITPOINT WARNING * * *
The death cob hits you but does no damage.
The fire elemental barely misses you. You block the death cob's attack.
Unknown command.
You closely miss the death cob.
The death cob is severely damaged.
The death cob hits you!
You die...
Your body crumbles into a pile of gold.

#++#########
#..E........
#...♣z......
#.e#########
#..# #..# ####
#..# #..# #..#
#..# #..# '..#
#..#
'..##########..#


You could see a death cob, a deep elf pyromancer and a fire elemental
(summoned).

Vanquished Creatures
  Josephine (D)
  An ice dragon (D)
  A hydra (D)
  A death yak (D)
  An orc high priest (D)
  2 deep elf pyromancers (D)
  2 elephants (D)
  A rust devil (D)
  A cane toad (D)
  A molten gargoyle (D)
  2 orange demons (D)
  An unseen horror (D)
  2 kobold demonologists (D)
  An efreet (D)
  A guardian mummy (D)
  2 red devils (D)
  A merfolk (D)
  A snapping turtle (D)
  2 spriggans (D)
  A ynoxinul (D)
  A wyvern (D)
  2 small abominations (D)
  4 wraiths (D)
  A vampire (D)
  2 fire bats (D)
  3 vampire mosquitoes (D)
  A warg (D)
  Grum (D)
  A redback (D)
  Duvessa (D)
  5 orc warriors (D)
  An ogre (D)
  3 wolves (D)
  A crocodile (D)
  2 phantoms (D)
  A kobold brigand (D)
  A scorpion (D)
  Dowan (D)
  A jelly (D)
  A crimson imp (D)
  3 orc priests (D)
  2 orc wizards (D)
  An adder (D)
  2 river rats (D)
  A white imp (D)
  An adder skeleton (D)
  A ribbon worm (D)
  An adder simulacrum (D)
  7 orcs (D)
  A hobgoblin (D)
  A ball python skeleton (D)
  A goblin (D)
  5 kobolds (D)
  2 rats (D)
89 creatures vanquished.

Vanquished Creatures (others)
  A deep elf zephyrmancer (D)
  An iron imp (D)
  An orc wizard (D)
  2 orcs (D)
  A giant cockroach (D)
  A kobold (D)
7 creatures vanquished.

Grand Total: 96 creatures vanquished

Notes
Turn   | Place    | Note
-------+----------+-------------------------------------------
     0 | D        | rocky1 the Gargoyle Fighter began the quest for the Orb.
     0 | D        | Reached XP level 1. HP: 14/14 MP: 1/1
    22 | D        | Found a bloodstained altar of Trog.
    22 | D        | Found a shimmering blue altar of Sif Muna.
    22 | D        | Found a viscous altar of Jiyva.
    22 | D        | Found a hazy altar of Hepliaklqana.
    22 | D        | Found an opulent altar of Gozag.
    23 | D        | Found a glowing golden altar of the Shining One.
    23 | D        | Found a glowing silver altar of Zin.
    23 | D        | Found a basalt altar of Yredelemnul.
    23 | D        | Found a shimmering altar of Xom.
    23 | D        | Found an ornate altar of the Wu Jian Council.
    23 | D        | Found a sacrificial altar of Ru.
    23 | D        | Found a stormy altar of Qazlal.
    23 | D        | Found an iron altar of Okawaru.
    23 | D        | Found a sparkling altar of Nemelex Xobeh.
    23 | D        | Found a burning altar of Makhleb.
    23 | D        | Found a blossoming altar of Fedhas.
    23 | D        | Found a white marble altar of Elyvilon.
    23 | D        | Found a shadowy altar of Dithmenos.
    23 | D        | Found a snail-covered altar of Cheibriados.
    26 | D        | Found a corrupted altar of Lugonu.
    26 | D        | Found a radiant altar of Vehumet.
    27 | D        | Found an ancient bone altar of Kikubaaqudgha.
    27 | D        | Found a hide-covered altar of Uskayaw.
    27 | D        | Found a broken altar of Ashenzari.
    30 | D        | Became a worshipper of Gozag Ym Sagoz the Greedy
   103 | D        | Reached XP level 2. HP: 20/20 MP: 2/2
   216 | D        | Reached skill level 3 in Maces & Flails
   230 | D        | Reached XP level 3. HP: 4/24 MP: 3/3
   230 | D        | HP: 1/24 [river rat (4)]
   441 | D        | Noticed a fire bat
   441 | D        | Noticed an orc warrior
   441 | D        | Noticed a phantom
   469 | D        | HP: 1/24 [fire bat (8)]
   473 | D        | Killed a fire bat
   474 | D        | Reached skill level 6 in Maces & Flails
   474 | D        | Reached skill level 1 in Dodging
   474 | D        | Reached XP level 4. HP: 32/32 MP: 4/4
   474 | D        | Reached XP level 5. HP: 36/36 MP: 5/5
   483 | D        | Killed a phantom
   484 | D        | Reached skill level 7 in Maces & Flails
   484 | D        | Reached XP level 6. HP: 42/42 MP: 6/6
   511 | D        | Killed an orc warrior
   512 | D        | Reached skill level 8 in Maces & Flails
   522 | D        | Noticed a fire bat
   523 | D        | Noticed Dowan
   526 | D        | Noticed Duvessa
   527 | D        | Killed a fire bat
   528 | D        | Reached skill level 9 in Maces & Flails
   528 | D        | Reached XP level 7. HP: 48/48 MP: 7/7
   529 | D        | Killed Dowan
   537 | D        | Killed Duvessa
   538 | D        | Reached skill level 10 in Maces & Flails
   811 | D        | Noticed an efreet
   822 | D        | Killed an efreet
   823 | D        | Reached skill level 11 in Maces & Flails
   823 | D        | Reached XP level 8. HP: 35/55 MP: 8/8
  1173 | D        | Noticed an orange demon
  1173 | D        | Noticed an orc high priest
  1190 | D        | Noticed a ynoxinul
  1190 | D        | Noticed a hellwing
  1193 | D        | Reached skill level 12 in Maces & Flails
  1200 | D        | Noticed a hellwing
  1206 | D        | Killed an orc high priest
  1207 | D        | Reached skill level 10 in Fighting
  1207 | D        | Reached skill level 13 in Maces & Flails
  1207 | D        | Reached skill level 10 in Armour
  1207 | D        | Reached XP level 9. HP: 26/62 MP: 9/9
  1215 | D        | Killed an orange demon
  1222 | D        | Reached skill level 1 in Stealth
  1673 | D        | Noticed an elephant
  1683 | D        | Reached skill level 14 in Maces & Flails
  1694 | D        | Killed an elephant
  1695 | D        | Reached skill level 10 in Shields
  1760 | D        | Noticed a guardian mummy
  1760 | D        | Noticed a deep elf zephyrmancer
  1768 | D        | Killed a deep elf zephyrmancer
  1793 | D        | Reached XP level 10. HP: 51/70 MP: 10/10
  1803 | D        | Reached skill level 15 in Maces & Flails
  1863 | D        | Bought the +0 kite shield of Xom's Hatred {Int+3 Dex+6} for
                  | 456 gold pieces
  1863 | D        | Bought a +2 pair of boots of rampaging for 322 gold pieces
  1863 | D        | Bought the +2 cloak of the Pits of Slime {rCorr} for 406
                  | gold pieces
  1993 | D        | Noticed an orange demon
  1994 | D        | Noticed a death yak
  1994 | D        | Noticed a molten gargoyle
  2015 | D        | Killed a death yak
  2029 | D        | Killed an orange demon
  2040 | D        | Killed a molten gargoyle
  2366 | D        | Noticed a deep elf pyromancer
  2367 | D        | Noticed Josephine
  2387 | D        | Killed a deep elf pyromancer
  2388 | D        | Reached skill level 16 in Maces & Flails
  2429 | D        | Killed Josephine
  2430 | D        | Reached XP level 11. HP: 67/80 MP: 11/11
  2602 | D        | Noticed a deep elf pyromancer
  2607 | D        | Noticed Grum
  2624 | D        | Noticed an ice dragon
  2675 | D        | Killed an ice dragon
  2704 | D        | Killed a deep elf pyromancer
  2705 | D        | Reached skill level 15 in Fighting
  2711 | D        | Reached skill level 17 in Maces & Flails
  2808 | D        | Noticed an eight-headed hydra
  2823 | D        | Killed an eight-headed hydra
  2824 | D        | Reached skill level 5 in Dodging
  2856 | D        | Killed Grum
  3510 | D        | Noticed a deep elf pyromancer
  3510 | D        | Noticed a death cob
  3546 | D        | HP: 3/124 [death cob (14)]
  3548 | D        | Mangled by a death cob

Illustrated notes

Levels and vault maps discovered:
D:        pitsprint [storerooms_1, entrance_room_1, metal_vault_3, armoury_1,
          mini_pit_1, grid_room_1, main_hall_1, silver_pit, the_coven_3,
          the_vestibule_1, steel_vault_2, golden_pit, hallway_of_sentries,
          crystal_vault_5, iron_vault_2, final_vault]

Skill      XL: |  1  2  3  4  5  6  7  8  9 10 11 |
---------------+----------------------------------+-----
Shields        | 4 6 7 8 9 10 11 14 | 14.6
Fighting       | 4 6 7 8 10 11 14 16 | 16.2
Armour         | 4 6 7 8 10 11 12 13 | 13.9
Maces & Flails | 3 6 7 9 11 13 14 16 17 | 17.5
Dodging        | 1 2 3 4 5 |  5.2
Stealth        | 1 |  1.1

Action                     |  1- 3 |  4- 6 |  7- 9 | 10-12 || total
---------------------------+-------+-------+-------+-------++-------
  Melee: Flail             |    68 |    20 |   138 |   367 ||   593
 Invoke: Potion Petition   |       |       |     1 |     3 ||     4
         Call Merchant     |       |       |       |     1 ||     1
    Use: Potion            |     4 |     1 |     7 |     6 ||    18
         Scroll            |       |       |       |     1 ||     1
   Stab: Invisible         |       |       |    10 |    18 ||    28
 Armour: Scale mail        |    35 |       |       |       ||    35
         Plate armour      |    30 |    10 |    86 |   252 ||   378
         Chain mail        |       |       |    47 |     5 ||    52
         Skin              |       |       |       |    49 ||    49
  Dodge: Dodged            |    31 |     5 |    51 |   101 ||   188
  Block: Buckler           |    15 |     3 |    28 |     2 ||    48
         Kite shield       |       |       |       |   248 ||   248

Table legend: (Time is in decaauts)
 A = Elapsed time spent in this place.
 B = Non-inter-level travel time spent in this place.
 C = Inter-level travel time spent in this place.
 D = Time resting spent in this place.
 E = Time spent auto-exploring this place.
 F = Levels seen in this place.
 G = Mean time per level.
                   A        B        C        D        E       F      G
               +--------+--------+--------+--------+--------+-----+--------+
         Total |   3474 |   3410 |     64 |   2046 |      0 |   1 | 3474.0 |
       Dungeon |   3474 |   3410 |     64 |   2046 |      0 |   1 | 3474.0 |
               +--------+--------+--------+--------+--------+-----+--------+

Top non-repeatable levels by time:
       D: 3474 daAuts
